 Dungeon Crawl Stone Soup version 0.21-a0-38-g95c5c02 (webtiles) character file.

19 blackwizard the Gusty (level 2, -1/24 HPs)
             Began as a Troll Air Elementalist on May 29, 2017.
             Succumbed to an adder's poison
             ... on level 1 of the Dungeon.
             The game lasted 00:06:12 (749 turns).

blackwizard the Gusty (Troll Air Elementalist)       Turns: 749, Time: 00:06:13

Health: -1/24      AC:  5    Str: 15    XL:     2   Next: 55%
Magic:  3/3        EV: 10    Int: 11    God:
Gold:   64         SH:  0    Dex: 10    Spells: 2/3 levels left

rFire    . . .     SeeInvis .   e - +0 whip
rCold    . . .     Gourm    +   (no shield)
rNeg     . . .     Faith    .   a - +0 robe
rPois    .         Spirit   .   (helmet restricted)
rElec    .         Reflect  .   (no cloak)
rCorr    .         Harm     .   (gloves unavailable)
MR       .....                  (boots unavailable)
Stlth    +.........             (no amulet)
Regen    0.5/turn               (no ring)
MPRegen  0.1/turn               (no ring)

@: lethally poisoned (-1 -> -2), very slow
A: unfitting armour, claws 3, fast metabolism 3, gourmand, regeneration 1,
shaggy fur 1, tough skin 2
a: no special abilities


You were on level 1 of the Dungeon.
You were not hungry.

You visited 1 branch of the dungeon, and saw 2 of its levels.

You collected 64 gold pieces.

Inventory:

Hand Weapons
 e - a +0 whip (weapon)
 g - a +0 short sword
Missiles
 h - 9 stones (quivered)
 i - 8 arrows
Armour
 a - a +0 robe (worn)
Scrolls
 j - a scroll of identify {unknown}
Potions
 d - a potion of curing {unknown}
Books
 b - a book of Air

   Spells                             Type                      Level
   a - Shock                          Conjuration/Air              1
   b - Swiftness                      Charms/Air                   2
   c - Static Discharge               Conjuration/Air              3
   d - Airstrike                      Air                          4
   e - Lightning Bolt                 Conjuration/Air              5
Comestibles
 c - a bread ration
 f - 5 chunks of flesh


   Skills:
 + Level 0.1 Maces & Flails
 + Level 1.9 Dodging
 + Level 1.1 Stealth
 + Level 0.2 Unarmed Combat
 + Level 1.4 Spellcasting
 + Level 0.6 Conjurations
 + Level 2.2 Air Magic


You had 2 spell levels left.
You knew the following spells:

 Your Spells              Type           Power        Failure   Level  Hunger
a - Shock                 Conj/Air       #...         17%         1    ##.....


Dungeon Overview and Level Annotations

Branches:
Dungeon (2/15)

Altars:


Innate Abilities, Weirdness & Mutations

You are too large for most types of armour.
You have claws for hands.
Your metabolism is lightning-fast.
You like to eat raw meat.
Your natural rate of healing is unusually fast.
You are covered in fur. (AC +1)
You have very tough skin. (AC +2)


Message History

* * * LOW HITPOINT WARNING * * *
You feel sick. The bat hits you but does no damage.
The adder bites you but does no damage.
* * * LOW HITPOINT WARNING * * *
You feel sick. The bat hits you but does no damage.
The adder bites you but does no damage.
You hit the bat.
You kill the bat!
The adder bites you but does no damage.
* * * LOW HITPOINT WARNING * * *
You feel sick. The adder closely misses you.
* * * LOW HITPOINT WARNING * * *
You feel sick.
You enter the shallow water.
Moving in this stuff is going to be slow.
The adder closely misses you. The adder bites you.
* * * LOW HITPOINT WARNING * * *
You are more poisoned.
The adder poisons you!
You die...

##### ##...## #.....####
#.....>..#
############.....##.#
#......##.......##.#.##
####.####)......PPSP.###.#
.......##.##.#.≈@≈.≈..#.##
..............P≈♣♣≈≈P#.#
........#.##PP≈♣♣♣♣≈P#.#
...###..#.#.PPP≈♣ ♣≈≈≈.####
...# #......≈≈≈♣♣ ♣♣≈.....#
...# #...#...PP≈♣♣♣♣≈P.##.#
........##....≈≈≈P♣≈≈≈P##.#
........##....PP≈≈≈≈...##.#
........##......PPP.##.##.#


You could see an adder.

Vanquished Creatures
  A dart slug (D:1)
  A leopard gecko (D:1)
  4 hobgoblins (D:1)
  2 ball pythons (D:1)
  4 bats (D:1)
  2 kobolds (D:1)
  3 rats (D:1)
  A plant (D:1)
18 creatures vanquished.

Notes
Turn   | Place    | Note
-------+----------+-------------------------------------------
     0 | D:1      | blackwizard the Troll Air Elementalist began the quest for the Orb.
     0 | D:1      | Reached XP level 1. HP: 16/16 MP: 1/1
   195 | D:1      | Reached XP level 2. HP: 23/24 MP: 3/3
   744 | D:1      | HP: 1/24 [poisoned by an adder]
   749 | D:1      | Succumbed to an adder's poison

Vault maps used:
D:1:      lemuel_arrival_rhombus, serial_bayou_pond_c, kennysheep_boxes
D:2:      moated_statue

Action                   || total
-------------------------++-------
Melee: Unarmed           ||    13
       Whip              ||   167
       Punch             ||     1
  Eat: Bread ration      ||     1
Armor: Robe              ||   140
Dodge: Dodged            ||   189
